 Dungeon Crawl Stone Soup version 0.28.0-45-g0d030f2227 (webtiles) character file.

Game seed: 1556411613448318753

72 jimonade the Digger (level 4, -3/25 HPs)
             Began as a Gargoyle Earth Elementalist on Apr 9, 2022.
             Slain by Robin
             ... wielding a +3 spear of distortion
              (6 damage)
             ... on level 3 of the Dungeon.
             The game lasted 00:09:10 (2302 turns).

jimonade the Digger (Gargoyle Earth Elementalist)   Turns: 2302, Time: 00:09:10

Health: -3/25      AC:  8    Str: 11    XL:     4   Next: 26%
Magic:  7/7        EV: 12    Int: 18    God:
Gold:   55         SH:  0    Dex: 10    Spells: 2/8 levels left

rFire   . . .      SeeInvis .   n - +3 short sword (protect)
rCold   . . .      Faith    .   (no shield)
rNeg    + . .      Spirit   .   b - +0 robe
rPois   ∞          Reflect  .   q - +0 helmet
rElec   +          Harm     .   o - +0 cloak
rCorr   .          Rampage  .   h - +0 pair of gloves
Will    .....                   (no boots)
Stlth   ++........              (no amulet)
HPRegen 0.08/turn               (no ring)
MPRegen 0.10/turn               (no ring)

@: no status effects
A: sickness immunity, AC +3, negative energy resistance 1, electricity
resistance, torment resistance 1, petrification resistance
a: no special abilities


You were on level 3 of the Dungeon.
You visited 1 branch of the dungeon, and saw 3 of its levels.

You collected 55 gold pieces.

Inventory:

Hand Weapons
 f - a +0 short sword
 l - a +0 war axe
 n - a +3 short sword of protection (weapon)
Missiles
 c - 40 stones
 g - 44 sling bullets
 k - 24 bolts
Armour
 a - an orb of guile
 b - a +0 robe (worn)
 d - a +0 chain mail
 h - a +0 pair of gloves (worn)
 i - a +0 leather armour
 o - a +0 cloak (worn)
 q - a +0 helmet (worn)
Scrolls
 j - a scroll of enchant armour {unknown}
 m - a scroll of vulnerability {unknown}
 p - 2 scrolls of enchant weapon {unknown}
Potions
 e - a potion of mutation {unknown}


   Skills:
 * Level 1.4 Fighting
 + Level 1.1 Short Blades
 + Level 1.8 Dodging
 - Level 2.1 Stealth
 + Level 2.5 Spellcasting
 - Level 0.7 Transmutations
 + Level 4.6 Earth Magic


You had 2 spell levels left.
You knew the following spells:

 Your Spells              Type           Power      Damage    Failure   Level
a - Sandblast             Erth           36%        2d10      2%          1
b - Passwall              Tmut/Erth      9%         N/A       9%          2
c - Stone Arrow           Conj/Erth      20%        3d8       21%         3

Your spell library contained the following spells:

 Spells                   Type           Power      Damage    Failure   Level
 Petrify                  Tmut/Erth      11%        N/A       50%         4


Dungeon Overview and Level Annotations

Branches:
Dungeon (3/15)

Altars:

Annotations:
D:3 1 runed translucent door, Robin


Innate Abilities, Weirdness & Mutations

You are immune to sickness and miasma.
Your stone body is resilient. (AC +3)
You are immune to poison.
You resist negative energy. (rN+)
You are resistant to electric shocks. (rElec)
You are resistant to unholy torment.
You are immune to petrification.


Message History

You kill the bat!
An endoplasm comes into view.
The endoplasm quivers.
The endoplasm misses you.
You hit the endoplasm.
Your weapon exudes an aura of protection.
You kill the endoplasm!
No target in view!
c - 40 stones (gained 18)
There are no items here.
A goblin comes into view. It is wielding a +0 club.
Found 12 gold pieces.
The goblin shouts!
You hear a shout!
A goblin comes into view. It is wielding a +0 dagger. x2
The goblin barely misses you. The goblin hits you but does no damage.
You barely miss the goblin. The goblin closely misses you.
You hit the goblin but do no damage.
Your weapon exudes an aura of protection.
The goblin barely misses you.
You hit the goblin.
The goblin is severely wounded.
The goblin hits you but does no damage. The goblin completely misses you.
You hit the goblin.
You kill the goblin!
Things that are here:
a +0 club; a goblin corpse Robin of the Strong Arm comes into view.
They are wielding a +3 spear of distortion and carrying a wand of flame (21).
Robin shouts!
Robin roars a battlecry!
You hear a shout! x4
You hear a shout!
Robin zaps a wand.
The puff of flame misses you.
You hear a shout! x3
Found a runed translucent gate.
Robin hits you but does no damage. Space warps horribly around you!!
Ouch! That really hurt!
* * * LOW HITPOINT WARNING * * *
Robin hits you but does no damage. Space warps horribly around you.
You die...

#.# #.# ... #.# ... .....
.gg###.# .....##+##....##g# ## #
$.............##@###.#..# ###
............##........# #.#
...........##.#+#.#..+ #.#
#.........##........ #.#
#.........##........ #..
#######........#.....#.. #[#
........##..#..#.#...... ##..
####.................###.#####..†
#.##...............##.#.#..###


You could see Robin.

Vanquished Creatures
  2 adders
  3 worms (D:2)
  A dart slug (D:1)
  6 bats
  2 endoplasms
  2 giant cockroaches
  2 goblins (D:3)
  3 hobgoblins
  5 jackals (D:2)
  2 kobolds (D:2)
  2 quokkas
  6 ball pythons
  4 frilled lizards
40 creatures vanquished.

Notes
Turn   | Place    | Note
-------+----------+-------------------------------------------
     0 | D:1      | jimonade the Gargoyle Earth Elementalist began the quest
                  | for the Orb.
     0 | D:1      | Reached XP level 1. HP: 10/10 MP: 3/3
    74 | D:1      | Reached skill level 4 in Earth Magic
    74 | D:1      | Reached XP level 2. HP: 13/16 MP: 0/5
   233 | D:1      | Reached skill level 1 in Fighting
   470 | D:1      | You fall into a shaft and drop 1 floor!
   708 | D:2      | Reached XP level 3. HP: 5/20 MP: 4/6
   968 | D:2      | Learned a level 2 spell: Passwall
   972 | D:2      | Learned a level 3 spell: Stone Arrow
  1928 | D:2      | Reached XP level 4. HP: 25/25 MP: 7/7
  2077 | D:3      | Reached skill level 1 in Short Blades
  2296 | D:3      | Noticed Robin
  2300 | D:3      | Found a runed translucent gate.
  2302 | D:3      | Slain by Robin

Illustrated notes

Levels and vault maps discovered:
D:1:      lemuel_arrival_broad_hall, layout_loops_ring
D:2:      cheibrodos_helix_gallery, layout_basic, minmay_hexomino_u4
D:3:      layout_basic, marbit_many_paths, ebering_ghost_gozag,
          hellmonk_ecumenical_altar_crossroads, uniq_robin

Skill      XL: |  1  2  3  4 |
---------------+-------------+-----
Earth Magic    | 4 |  4.6
Fighting       | 1 |  1.4
Short Blades   | 1 |  1.1
Dodging        | |  1.8
Stealth        | |  2.1
Spellcasting   | |  2.5
Transmutations | |  0.7

Action                   |  1- 3 |  4- 6 || total
-------------------------+-------+-------++-------
Melee: Unarmed           |    12 |       ||    12
       Short sword       |    79 |    14 ||    93
       Punch             |     1 |       ||     1
 Cast: Sandblast         |    29 |     1 ||    30
 Stab: Sleeping          |       |     1 ||     1
Armor: Robe              |    53 |    12 ||    65
Dodge: Dodged            |    82 |     9 ||    91
